 Dungeon Crawl Stone Soup version 0.31-a0-369-g8eba5f6939 (webtiles) character file.

Game seed: 16544930026443636305

10007 RepHenryClay the Destroyer (level 11, -6/54 HPs)
             Began as a Deep Elf Ice Elementalist on July 29, 2023.
             Was a Believer of Sif Muna.
             Mangled by a shadow (29 damage)
             ... on level 11 of the Dungeon.
             The game lasted 00:25:25 (11558 turns).

RepHenryClay the Destroyer (DEIE)                  Turns: 11558, Time: 00:25:26

Health: -6/54      AC:  8    Str:  5    XL:     11   Next: 30%
Magic:  3/20       EV: 17    Int: 25    God:    Sif Muna [**....]
Gold:   433        SH:  0    Dex: 15    Spells: 6/20 levels left

rFire   + . .        j - +1 hand axe (venom)
rCold   . . .        (no shield)
rNeg    . . .        G - +2 robe {rF+}
rPois   .            w - +0 helmet
rElec   .            u - +0 cloak
rCorr   .            f - +0 pair of gloves
SInv    .            n - +0 pair of boots
Will    ++...        (no amulet)
Stlth   ++           J - ring of willpower
HPRegen 0.29/turn    k - ring of wizardry
MPRegen 0.17/turn

%: wizardry (x1)
@: unable to drink
A: inability to drink after injury 1
a: Renounce Religion, Channel Magic


You were on level 11 of the Dungeon.
You worshipped Sif Muna.
Sif Muna was pleased with you.
You visited 2 branches of the dungeon, and saw 12 of its levels.

You collected 818 gold pieces.
You spent 385 gold pieces at shops.

Inventory:

Hand Weapons
 j - a +1 hand axe of venom (weapon)
 l - a +2 dagger of pain
Missiles
 H - a throwing net
Armour
 f - a +0 pair of gloves (worn)
 n - a +0 pair of boots (worn)
 u - a +0 cloak (worn)
 w - a +0 helmet (worn)
 E - +0 steam dragon scales
 G - a +2 robe of fire resistance (worn)
Magical Staves
 g - a staff of death
 x - a staff of air
Jewellery
 i - a ring of flight
 k - a ring of wizardry (right hand)
 J - a ring of willpower (left hand)
 L - a ring of fire
Wands
 p - a wand of digging (13)
 s - a wand of light (15)
 v - a wand of flame (36)
 K - a wand of mindburst (4)
Scrolls
 a - 2 scrolls of revelation
 d - 2 scrolls of silence
 m - a scroll of enchant weapon
 o - 2 scrolls of immolation
 q - 3 scrolls of teleportation
 t - a scroll of fog
 y - a scroll of torment
 C - a scroll of butterflies
 F - a scroll of poison
Potions
 b - a potion of magic
 c - a potion of curing
 e - a potion of enlightenment
 r - 2 potions of brilliance
 z - 2 potions of haste {unknown}
 A - a potion of mutation
 B - a potion of attraction {unknown}
 D - 2 potions of lignification
 I - 2 potions of heal wounds {unknown}


   Skills:
 - Level 10.1 Dodging
 - Level 2.4 Stealth
 - Level 5.2 Spellcasting
 - Level 11.6 Conjurations
 - Level 3.3 Summonings
 - Level 6.5 Translocations
 - Level 7.9 Ice Magic
 + Level 6.6 Air Magic


You had 6 spell levels left.
You knew the following spells:

 Your Spells              Type           Power      Damage    Failure   Level
a - Freeze                Ice            100%       1d10      1%          1
b - Frozen Ramparts       Ice            92%        1d14      1%          3
d - Iskenderun's Mystic   Conj/Tloc      51%        2d11      1%          4
e - Static Discharge      Conj/Air       100%       2-7/arc   1%          2
P - Summon Ice Beast      Ice/Summ       34%        N/A       3%          4

Your spell library contained the following spells:

 Spells                   Type           Power      Damage    Failure   Level
 Apportation              Tloc           78%        N/A       1%          1
 Shock                    Conj/Air       100%       1d9       1%          1
 Ensorcelled Hibernation  Hex/Ice        52%        N/A       1%          2
 Dazzling Flash           Conj/Hex       70%        N/A       1%          3
 Gell's Gravitas          Tloc           39%        N/A       1%          3
 Ozocubu's Armour         Ice            46%        N/A       1%          3
 Swiftness                Air            39%        N/A       1%          3
 Teleport Other           Tloc           39%        N/A       1%          3
 Portal Projectile        Hex/Tloc       44%        N/A       2%          3
 Volatile Blastmotes      Fire/Tloc      44%        2d13      2%          3
 Airstrike                Air            19%        2d(3-19)  2%          4
 Passage of Golubria      Tloc           39%        N/A       2%          4
 Passwall                 Tmut/Erth      5%         N/A       4%          2
 Summon Lightning Spire   Summ/Air       31%        N/A       4%          4
 Tukima's Dance           Hex            6%         N/A       10%         3
 Dispersal                Tloc           19%        N/A       32%         6
 Starburst                Conj/Fire      17%        6d6       41%         6
 Alistair's Intoxication  Tmut/Pois      4%         N/A       63%         5
 Yara's Violent Unravell  Hex/Tmut       3%         3d4       63%         5
 Maxwell's Capacitive Co  Air            19%        ∞         100%        8


Dungeon Overview and Level Annotations

Branches:
Dungeon (11/15)            Temple (1/1) D:7
   Lair: D:8-11         Orc: D:9-12

Altars:
Ashenzari
Cheibriados
Dithmenos
Elyvilon
Fedhas
Gozag
Hepliaklqana
Kikubaaqudgha
Makhleb
Nemelex Xobeh
Okawaru
Qazlal
Ru
Sif Muna
Trog
Uskayaw
Vehumet
Wu Jian
Xom
Yredelemnul
Zin
The Shining One

Shops:
D:7 *   D:9 *

Annotations:
D:6 2 transporters, 1 runed translucent door, Crazy Yiuf; Pokonic1's ghost, novice GrMo
Temple 2 transporters


Innate Abilities, Weirdness & Mutations

You occasionally lose the ability to drink potions when taking damage.


Message History

Reactivating autopickup.
The shadow completely misses you.
Huge Dmg: -38%(-21hp) hp: 62%(33hp)
You barely miss the shadow.
The shadow is severely damaged.
The shadow slips into darkness.
The shadow flickers and vanishes!
Deactivating autopickup; reactivate with Ctrl-A.
You miss something.
The shadow strikes at you from the darkness!
Reactivating autopickup.
You hit the shadow but do no damage.
The shadow is severely damaged.
The shadow hits you!
You feel threatened and lose the ability to drink potions!
The shadow misses you.
Huge Dmg: -16%(-9hp) hp: 47%(25hp)
You barely miss the shadow.
The shadow is severely damaged.
The shadow slips into darkness.
The shadow flickers and vanishes!
Deactivating autopickup; reactivate with Ctrl-A.
Unknown command.
You barely miss something.
The shadow strikes at you from the darkness!
Reactivating autopickup.
Damage: -8%(-4hp) hp: 41%(22hp) Unknown command.
You hit the shadow.
The shadow is severely damaged.
The shadow slips into darkness.
The shadow flickers and vanishes!
Deactivating autopickup; reactivate with Ctrl-A.
Unknown command.
You hit something.
You can drink potions again.
The shadow strikes at you from the darkness!
You feel threatened and lose the ability to drink potions!
Ouch! That really hurt!
You die...

#### #... ## ...#...
.....# ## ##{...# #.#
#...# ####..######.#
......#...@{.#
##.....######
#......##..#
#.......#.###..#.
#...<...........#######
.......#..#########..#.#
..........## #####....#
..#..........##
#...>..###
#.####........###.###..#


There were no monsters in sight!

Vanquished Creatures
  3 two-headed ogres
  Pikel (D:8)
  A cyclops (D:11)
  A komodo dragon (D:10)
  A troll (D:8)
  2 polar bears (D:9)
  A hornet (D:7)
  12 yaks
  3 wyverns (D:9)
  2 wraiths
  3 water moccasins
  A sky beast (D:7)
  A black bear (D:8)
  3 orc warriors (D:9)
  3 ogres
  3 centaurs
  A phantom (D:5)
  A lemure (D:8)
  2 bullfrogs
  3 kobold brigands
  Blork the orc (D:5)
  3 scorpions
  5 killer bees (D:9)
  2 hounds
  3 gnoll boudas
  3 jellies
  6 orc priests
  A sleepcap (D:4)
  Terence (D:2)
  5 iguanas
  8 orc wizards
  14 gnolls
  8 adders
  2 shadow imps
  2 white imps (D:7)
  3 dart slugs
  3 worms
  26 orcs
  10 endoplasms
  2 giant cockroaches
  8 goblins
  14 hobgoblins
  19 kobolds
  5 quokkas
  8 ball pythons
  10 bats
  2 frilled lizards
  3 rats (D:1)
225 creatures vanquished.

Vanquished Creatures (collateral kills)
  Maggie (D:7)
  Menkaure (D:4)
  An ogre (D:4)
  2 iguanas
  2 gnolls (D:5)
  2 adders (D:6)
9 creatures vanquished.

Vanquished Creatures (others)
  A quokka (D:5)
1 creature vanquished.

Grand Total: 235 creatures vanquished

Notes
Turn   | Place    | Note
-------+----------+-------------------------------------------
     0 | D:1      | RepHenryClay the Deep Elf Ice Elementalist began the quest
                  | for the Orb.
     0 | D:1      | Reached XP level 1. HP: 10/10 MP: 6/6
   251 | D:1      | Reached XP level 2. HP: 14/15 MP: 5/8
   258 | D:1      | Reached skill level 5 in Ice Magic
   331 | D:1      | You fall into a shaft and drop 1 floor!
   519 | D:1      | Found a faded altar of an unknown god.
   892 | D:2      | Reached XP level 3. HP: 19/19 MP: 7/9
  1200 | D:2      | Noticed Terence
  1207 | D:2      | Killed Terence
  1356 | D:2      | Reached XP level 4. HP: 24/24 MP: 8/10
  1679 | D:2      | Learned a level 3 spell: Frozen Ramparts
  1684 | D:2      | Learned a level 4 spell: Summon Ice Beast
  2106 | D:3      | Noticed a scorpion
  2119 | D:3      | Killed a scorpion
  2120 | D:3      | Reached XP level 5. HP: 26/28 MP: 7/11
  2437 | D:3      | Reached XP level 6. HP: 13/32 MP: 8/12
  2851 | D:4      | Reached skill level 1 in Summonings
  3122 | D:4      | Noticed Menkaure
  3139 | D:4      | Killed Menkaure
  3140 | D:4      | Reached skill level 5 in Spellcasting
  3140 | D:4      | Reached XP level 7. HP: 13/36 MP: 6/16
  3145 | D:4      | Learned a level 4 spell: Iskenderun's Mystic Blast
  3514 | D:4      | Reached skill level 1 in Conjurations
  3514 | D:4      | Reached skill level 1 in Translocations
  3838 | D:4      | Found an ornate altar of the Wu Jian Council.
  3959 | D:4      | Reached skill level 2 in Conjurations
  4006 | D:5      | Entered Level 5 of the Dungeon
  4158 | D:5      | Reached skill level 3 in Conjurations
  4286 | D:5      | Reached XP level 8. HP: 41/41 MP: 13/17
  4329 | D:5      | Reached skill level 4 in Conjurations
  4827 | D:5      | Found a white marble altar of Elyvilon.
  5201 | D:5      | Noticed Blork the orc
  5214 | D:5      | Killed Blork the orc
  5232 | D:5      | Reached skill level 5 in Conjurations
  5259 | D:5      | Found a shimmering blue altar of Sif Muna.
  5271 | D:5      | Became a worshipper of Sif Muna the Loreminder
  5471 | D:6      | Identified the +2 great mace of Accidental Termination
                  | {freeze, rN+}
  5471 | D:6      | Noticed a two-headed ogre
  5472 | D:6      | Noticed Pokonic1's ghost (novice GrMo)
  5473 | D:6      | Found a transporter.
  5533 | D:6      | Reached skill level 5 in Translocations
  5652 | D:6      | Found a transporter.
  6229 | D:6      | Found a glowing golden altar of the Shining One.
  6232 | D:6      | Found a hazy altar of Hepliaklqana.
  6342 | D:6      | Found a runed translucent door.
  6343 | D:6      | Noticed Crazy Yiuf
  6486 | D:7      | Reached skill level 6 in Conjurations
  6927 | D:7      | Noticed Maggie
  6939 | D:7      | Killed Maggie
  6940 | D:7      | Reached XP level 9. HP: 45/45 MP: 7/18
  7018 | D:7      | Found Bavvaroa's General Store.
  7024 | D:7      | Bought a scroll of identify for 28 gold pieces
  7024 | D:7      | Bought a scroll of identify for 28 gold pieces
  7024 | D:7      | Bought a potion of curing for 42 gold pieces
  7024 | D:7      | Bought a potion of curing for 42 gold pieces
  7024 | D:7      | Bought a scroll of revelation for 105 gold pieces
  7204 | D:7      | Reached skill level 5 in Dodging
  7230 | D:7      | Reached * piety under Sif Muna
  7306 | D:7      | Found a staircase to the Ecumenical Temple.
  7317 | Temple   | Found a transporter.
  7317 | Temple   | Found a transporter.
  7317 | Temple   | Found a transporter.
  7317 | Temple   | Found a transporter.
  7317 | Temple   | Entered the Ecumenical Temple
  7574 | D:7      | Paralysed by a hornet for 2 turns
  7798 | D:8      | Found a broken altar of Ashenzari.
  7882 | D:8      | Found a stormy altar of Qazlal.
  8144 | D:8      | Reached skill level 10 in Dodging
  8274 | D:8      | Noticed Pikel
  8286 | D:8      | Killed Pikel
  8287 | D:8      | Reached skill level 7 in Conjurations
  8287 | D:8      | Reached XP level 10. HP: 28/50 MP: 0/19
  8718 | D:9      | Found Ziume's Assorted Antiques.
  8788 | D:9      | Bought a large diamond ring for 140 gold pieces
  8811 | D:9      | Identified the +6 sling of Konaa {heavy, Str+8 Int+3}
  8836 | D:9      | Noticed a two-headed ogre
  8841 | D:9      | Reached skill level 8 in Conjurations
  8844 | D:9      | Reached ** piety under Sif Muna
  8857 | D:9      | Killed a two-headed ogre
  8858 | D:9      | Reached skill level 9 in Conjurations
  9064 | D:8      | Reached skill level 10 in Conjurations
  9515 | D:9      | Found a shimmering altar of Xom.
  9574 | D:9      | Found a hide-covered altar of Uskayaw.
  9669 | D:9      | Reached skill level 11 in Conjurations
 10005 | D:10     | Entered Level 10 of the Dungeon
 10005 | D:10     | Found a bloodstained altar of Trog.
 10118 | D:10     | Noticed a two-headed ogre
 10239 | D:10     | Learned a level 2 spell: Static Discharge
 10446 | D:10     | Gained mutation: You occasionally lose the ability to drink
                  | potions when taking damage. [potion of mutation]
 10454 | D:10     | Reached XP level 11. HP: 25/54 MP: 14/20
 10880 | D:10     | Killed a two-headed ogre
 10957 | D:10     | Reached skill level 5 in Air Magic
 11163 | D:10     | Found a radiant altar of Vehumet.
 11407 | D:11     | Noticed a two-headed ogre
 11417 | D:11     | Killed a two-headed ogre
 11558 | D:11     | Mangled by a shadow

Illustrated notes

Levels and vault maps discovered:
D:1:      ebering_trefoil_3fold, layout_loops_ring,
          shapermc_ecumenical_altar_mp_vishouse
D:2:      layout_basic, uniq_terence
D:3:      layout_basic, minmay_circle_x
D:4:      layout_loops_ring, pdpol_wu_jian_five_deadly_venoms, uniq_menkaure
D:5:      layout_loops_ring, elyvilon_altar_4, tgw_sif
D:6:      layout_loops_ring, minitemple, gammafunk_ghost_smash, kennysheep_dice,
          uniq_crazy_yiuf_cottage
D:7:      layout_basic, minmay_temple_entry_gardened_gates, serial_shops,
          nicolae_square_shop, minmay_quadrilaterals, uniq_maggie
D:8:      layout_loops_cross, evilmike_ruin_ashenzari,
          nicolae_qazlal_style_of_elements, uniq_pikel
D:9:      layout_cave_pools, xom_confusion_cloud,
          nicolae_overflow_crystal_walls, serial_shops, shop
D:10:     layout_irregular_city, nicolae_vehumet_altar_sigil,
          trog_ov_bears_minmay
D:11:     layout_rooms, dpeg_oklobed_lair
Temple:   hellmonk_temple_divided_pantheon

Skill      XL: |  1  2  3  4  5  6  7  8  9 10 11 |
---------------+----------------------------------+-----
Ice Magic      | 5 6 7 |  7.9
Summonings     | 3 |  3.3
Spellcasting   | 5 |  5.2
Conjurations   | 3 6 7 11 | 11.6
Translocations | 3 6 |  6.5
Dodging        | 4 10 | 10.1
Air Magic      | 3 6 |  6.6
Stealth        | |  2.4

Action                     |  1- 3 |  4- 6 |  7- 9 | 10-12 || total
---------------------------+-------+-------+-------+-------++-------
  Melee: Unarmed           |     6 |       |       |       ||     6
         Hand axe          |     1 |    49 |   111 |   104 ||   265
         Punch             |       |     1 |     1 |     1 ||     3
   Cast: Freeze            |    49 |    33 |    98 |    23 ||   203
         Frozen Ramparts   |       |     7 |    24 |    18 ||    49
         Summon Ice Beast  |       |     1 |    11 |    13 ||    25
         Iskenderun's Myst |       |       |     6 |    23 ||    29
         Static Discharge  |       |       |       |     4 ||     4
  Evoke: Wand              |       |     2 |     6 |    16 ||    24
    Use: Potion            |       |     2 |       |     4 ||     6
         Scroll            |       |       |     9 |     4 ||    13
   Stab: Sleeping          |     1 |     6 |     3 |       ||    10
         Distracted        |       |       |     1 |     1 ||     2
 Armour: Robe              |    18 |    23 |    30 |    53 ||   124
         Steam dragon scal |       |       |    35 |       ||    35
         Skin              |       |       |       |     4 ||     4
  Dodge: Dodged            |    41 |    45 |   129 |   163 ||   378

Table legend: (Time is in decaauts)
 A = Elapsed time spent in this place.
 B = Non-inter-level travel time spent in this place.
 C = Inter-level travel time spent in this place.
 D = Time resting spent in this place.
 E = Time spent auto-exploring this place.
 F = Levels seen in this place.
 G = Mean time per level.
                   A        B        C        D        E       F      G
               +--------+--------+--------+--------+--------+-----+--------+
         Total |  11657 |  11236 |    421 |   1118 |   8340 |  12 |  971.4 |
       Dungeon |  11655 |  11234 |    421 |   1118 |   8340 |  11 | 1059.5 |
        Temple |      1 |      1 |      0 |      0 |      0 |   1 |    1.0 |
               +--------+--------+--------+--------+--------+-----+--------+

Top non-repeatable levels by time:
     D:7: 1401 daAuts
     D:8: 1365 daAuts
     D:5: 1340 daAuts
     D:4: 1189 daAuts
    D:10: 1176 daAuts
     D:9: 1143 daAuts
     D:3: 1062 daAuts
     D:6: 1025 daAuts
     D:2: 901 daAuts
     D:1: 876 daAuts
    D:11: 174 daAuts
  Temple: 1 daAuts
